 Dungeon Crawl Stone Soup version 0.30-b1-2-g02819fbbbe (webtiles) character file.

Game seed: 17861467965243877978

6056 protoss039 the Covert (level 10, -1/60 HPs)
             Began as a Vampire Enchanter on July 4, 2023.
             Was a Priest of Dithmenos.
             Slain by Nergalle
             ... wielding a +1 dagger of venom
              (4 damage)
             ... on level 10 of the Dungeon.
             The game lasted 00:21:12 (8800 turns).

protoss039 the Covert (Vampire Enchanter)           Turns: 8800, Time: 00:21:13

Health: -1/60      AC:  5    Str:  7    XL:     10   Next: 57%
Magic:  5/27       EV: 20    Int: 17    God:    Dithmenos [***...]
Gold:   420        SH:  5    Dex: 20    Spells: 4/20 levels left

rFire   + . .        t - +2 dagger (venom)
rCold   + + .        (no shield)
rNeg    + + +        z - +0 leather armour of the Meadowlark {rElec MP+9}
rPois   ∞            l - +0 helmet
rElec   +            (no cloak)
rCorr   .            (no gloves)
SInv    +            L - +0 pair of boots
Will    +....        e - amulet of reflection
Stlth   ++++++++     H - ring of protection from fire
HPRegen 0.00/turn    y - +5 ring of evasion
MPRegen 0.20/turn

%: reflection
@: very slightly contaminated, bloodless, inhibited regen, wreathed by umbra
A: bloodless, fangs 3, see invisible, vampiric 2
a: Bat Form, Revivify, Renounce Religion, Shadow Step


You were on level 10 of the Dungeon.
You worshipped Dithmenos.
Dithmenos was most pleased with you.
You visited 2 branches of the dungeon, and saw 11 of its levels.

You collected 420 gold pieces.

Inventory:

Hand Weapons
 t - a +2 dagger of venom (weapon)
 E - the +3 mace of Karma {heavy, Int+4 Dex+4 Stlth-}
   (You found it on level 4 of the Dungeon)

   Int:       It affects your intelligence (+4).
   Dex:       It affects your dexterity (+4).
   Stlth:     It makes you less stealthy.
Missiles
 O - 2 throwing nets (quivered)
Armour
 l - a +0 helmet (worn)
 z - the +0 leather armour of the Meadowlark (worn) {rElec MP+9}
   (You found it on level 3 of the Dungeon)

   rElec:     It insulates you from electricity.
   MP:        It affects your magic capacity (+9).
 L - a +0 pair of boots (worn)
 M - +0 steam dragon scales
Magical Staves
 w - a staff of earth
Jewellery
 e - an amulet of reflection (around neck)
 o - a ring of protection from cold
 y - a +5 ring of evasion (right hand)
 H - a ring of protection from fire (left hand)
Wands
 u - a wand of mindburst (14)
 D - a wand of polymorph (5)
 G - a wand of paralysis (16)
 N - a wand of flame (14)
Scrolls
 d - 5 scrolls of immolation
 f - a scroll of identify
 g - 2 scrolls of brand weapon
 h - 2 scrolls of enchant armour {unknown}
 n - 5 scrolls of silence
 p - 2 scrolls of butterflies {unknown}
 q - 2 scrolls of poison {unknown}
 r - 2 scrolls of vulnerability {unknown}
 v - 2 scrolls of amnesia {unknown}
 x - 2 scrolls of fear {unknown}
 B - 4 scrolls of teleportation {unknown}
 I - 2 scrolls of enchant weapon {unknown}
 J - a scroll of magic mapping {unknown}
Potions
 a - 3 potions of flight
 b - 2 potions of cancellation {unknown}
 c - 2 potions of invisibility
 i - 4 potions of lignification
 j - 3 potions of mutation
 k - 2 potions of haste {unknown}
 m - 4 potions of curing
 s - 3 potions of resistance {unknown}
 A - 3 potions of heal wounds
 C - 2 potions of might {unknown}
 F - a potion of ambrosia {unknown}
 K - 2 potions of degeneration {unknown}


   Skills:
 * Level 5.6 Fighting
 + Level 4.2 Short Blades
 + Level 4.0 Armour
 + Level 5.7 Dodging
 + Level 8.8 Stealth
 * Level 5.6 Spellcasting
 + Level 1.7 Conjurations
 - Level 6.0 Hexes
 - Level 3.0 Transmutations
 - Level 3.0 Ice Magic
 - Level 3.0 Air Magic
 - Level 3.0 Earth Magic
 * Level 5.5 Invocations


You had 4 spell levels left.
You knew the following spells:

 Your Spells              Type           Power      Damage    Failure   Level
a - Ensorcelled Hibernat  Hex/Ice        40%        N/A       4%          2
b - Confusing Touch       Hex            25%        N/A       4%          3
c - Tukima's Dance        Hex            25%        N/A       4%          3
d - Passwall              Tmut/Erth      12%        N/A       9%          2
e - Swiftness             Air            15%        N/A       17%         3
f - Dazzling Flash        Conj/Hex       34%        N/A       12%         3

Your spell library contained the following spells:

 Spells                   Type           Power      Damage    Failure   Level
 Sting                    Tmut/Pois      36%        1d4       11%         1
 Static Discharge         Conj/Air       24%        2-3/arc   11%         2
 Poisonous Vapours        Pois/Air       18%        N/A       16%         2
 Summon Guardian Golem    Hex/Summ       15%        N/A       17%         3
 Summon Small Mammal      Summ           16%        N/A       19%         1
 Blink                    Tloc           8%         N/A       28%         2
 Spider Form              Tmut/Pois      9%         N/A       30%         3
 Call Canine Familiar     Summ           4%         N/A       50%         3
 Airstrike                Air            7%         2d(2-18)  50%         4
 Anguish                  Hex/Necr       7%         N/A       50%         4
 Summon Lightning Spire   Summ/Air       9%         N/A       71%         4
 Manifold Assault         Tloc           4%         N/A       88%         4
 Olgreb's Toxic Radiance  Pois           4%         N/A       88%         4
 Dispersal                Tloc           2%         N/A       100%        6
 Storm Form               Tmut/Air       7%         N/A       100%        7
 Disjunction              Tloc           2%         N/A       100%        8


Dungeon Overview and Level Annotations

Branches:
Dungeon (10/15) Zot: 26611  Temple (1/1) D:4 Zot: 5800    Lair (0/5) D:8
    Orc: D:9-12

Altars:
Ashenzari
Cheibriados
Dithmenos
Fedhas
Gozag
Hepliaklqana
Kikubaaqudgha
Makhleb
Nemelex Xobeh
Okawaru
Qazlal
Ru
Sif Muna
Trog
Vehumet
Wu Jian
Xom
Yredelemnul

Annotations:
D:3 Sigmund
D:5 3 runed translucent doors, arta456's ghost, novice DECj
D:10 Nergalle


Innate Abilities, Weirdness & Mutations

You do not regenerate when monsters are visible.
You are frail without blood (-20% HP).
You can heal yourself when you bite living creatures.
You are immune to poison.
You have razor-sharp teeth.
You have supernaturally acute eyesight. (SInv)
You are afflicted with vampirism and can become a bat while bloodless.


Message History

Confirm with . or Enter, or press ? or * to list all spells.
Aiming: Ensorcelled Hibernation (safe; 4% risk of failure)
Press: ? - help, Shift-Dir - straight line, f/p - Nergalle
Aim: Nergalle, wielding a +1 dagger of venom and wearing a +0 robe (umbra, chance to affect: 20%)
You miscast Ensorcelled Hibernation.
Nothing appears to happen.
Nergalle closely misses you.
The spectral orc warrior hits you with a +1 scimitar of electrocution!
* * * LOW HITPOINT WARNING * * *
Unknown command.
Casting: Ensorcelled Hibernation (safe; 4% risk of failure)
Confirm with . or Enter, or press ? or * to list all spells.
Aiming: Ensorcelled Hibernation (safe; 4% risk of failure)
Press: ? - help, Shift-Dir - straight line, f/p - Nergalle
Aim: Nergalle, wielding a +1 dagger of venom and wearing a +0 robe (umbra, chance to affect: 20%) Nergalle resists with almost no effort.
Nergalle casts a spell at the spectral orc warrior.
The spectral orc warrior seems to speed up.
The spectral orc warrior barely misses you.
Unknown command.
Casting: Ensorcelled Hibernation (safe; 4% risk of failure)
Confirm with . or Enter, or press ? or * to list all spells.
Aiming: Ensorcelled Hibernation (safe; 4% risk of failure)
Press: ? - help, Shift-Dir - straight line, f/p - Nergalle
Aim: Nergalle, wielding a +1 dagger of venom and wearing a +0 robe (umbra, chance to affect: 20%) Nergalle resists with almost no effort.
Nergalle hits you with a +1 dagger of venom.
* * * LOW HITPOINT WARNING * * *
The spectral orc warrior barely misses you.
Unknown command.
Unknown command.
Casting: Ensorcelled Hibernation (safe; 4% risk of failure)
Confirm with . or Enter, or press ? or * to list all spells.
Aiming: Ensorcelled Hibernation (safe; 4% risk of failure)
Press: ? - help, Shift-Dir - straight line, f/p - Nergalle
Aim: Nergalle, wielding a +1 dagger of venom and wearing a +0 robe (umbra, chance to affect: 20%) Nergalle resists with almost no effort.
The spectral orc warrior hits you with a +1 scimitar of electrocution.
* * * LOW HITPOINT WARNING * * *
Nergalle hits you with a +1 dagger of venom.
You die...

.............#.#.#.#...#####
..#..................###
..#.#####.##.#.#.#.###
..#.##.......#.#.#.#
..#.##...#####.#.#.#
..#.##..## #...#+#####
..#.....#######.........
..#...........+.........
#.#....########.@Z......
.......# #.o....... ..##.###
#......... .......######
#......... #.#.........#
#......... #.#.#.......#
#......... #...#.†.....#
#......... #.###.......#
########## #.# #...)...#


You could see Nergalle and a spectral orc warrior (summoned, fast).

Vanquished Creatures
  2 two-headed ogres (D:9)
  A hornet (D:9)
  Grinder (D:4)
  Eustachio (D:4)
  A wyvern (D:9)
  A steam dragon (D:8)
  5 vampire mosquitoes (D:9)
  An acid dragon (D:10)
  An orc warrior (D:10)
  3 ice beasts
  5 centaurs
  4 bullfrogs
  2 gnoll sergeants
  2 scorpions
  4 wights (D:8)
  17 killer bees
  4 howler monkeys
  6 orc priests
  2 jellies
  2 sleepcaps (D:5)
  Terence (D:3)
  A gnoll bouda (D:9)
  7 iguanas
  8 orc wizards
  13 gnolls
  6 adders
  A shadow imp (D:6)
  A white imp (D:7)
  An ufetubus (D:6)
  A worm (D:3)
  16 orcs
  3 endoplasms
  5 giant cockroaches
  6 goblins
  4 hobgoblins (D:2)
  5 jackals (D:2)
  8 kobolds
  2 quokkas
  4 ball pythons
  2 bats
  2 frilled lizards (D:1)
  6 rats
168 creatures vanquished.

Vanquished Creatures (others)
  A dancing weapon (D:6)
  A bush (D:6)
2 creatures vanquished.

Grand Total: 170 creatures vanquished

Notes
Turn   | Place    | Note
-------+----------+-------------------------------------------
     0 | D:1      | protoss039 the Vampire Enchanter began the quest for the
                  | Orb.
     0 | D:1      | Reached XP level 1. HP: 13/13 MP: 3/3
   126 | D:1      | Reached XP level 2. HP: 20/20 MP: 5/5
   819 | D:1      | Learned a level 2 spell: Ensorcelled Hibernation
  1108 | D:2      | Reached skill level 1 in Fighting
  1108 | D:2      | Gained mutation: You are afflicted with vampirism and can
                  | become a bat while bloodless. [Vampire growth]
  1108 | D:2      | Reached XP level 3. HP: 20/20 MP: 6/6
  1329 | D:2      | Reached skill level 5 in Stealth
  1643 | D:2      | Learned a level 3 spell: Confusing Touch
  1644 | D:3      | Noticed Sigmund
  1702 | D:3      | Noticed Terence
  1711 | D:3      | Killed Terence
  1712 | D:3      | Reached XP level 4. HP: 2/25 MP: 0/7
  1942 | D:3      | Identified the +0 leather armour of the Meadowlark {rElec
                  | MP+9}
  2236 | D:4      | Found a staircase to the Ecumenical Temple.
  2265 | Temple   | Entered the Ecumenical Temple
  2392 | Temple   | Became a worshipper of Dithmenos the Shadowed
  2542 | D:4      | Reached skill level 5 in Hexes
  2542 | D:4      | Reached skill level 1 in Ice Magic
  2542 | D:4      | Reached XP level 5. HP: 30/30 MP: 8/8
  2647 | D:4      | Noticed Eustachio
  2654 | D:4      | Killed Eustachio
  2655 | D:4      | Reached skill level 1 in Armour
  2655 | D:4      | Reached skill level 1 in Invocations
  2655 | D:4      | Reached XP level 6. HP: 35/35 MP: 9/9
  2720 | D:4      | Noticed Grinder
  2740 | D:4      | Paralysed by Grinder for 2 turns
  2744 | D:4      | Killed Grinder
  2745 | D:4      | Reached skill level 6 in Stealth
  2760 | D:4      | Identified the +3 mace of Karma {heavy, Int+4 Dex+4 Stlth-}
  2845 | D:4      | Reached XP level 7. HP: 40/40 MP: 11/11
  3051 | D:5      | Entered Level 5 of the Dungeon
  3483 | D:5      | Noticed arta456's ghost (novice DECj)
  3602 | D:5      | Found a runed translucent gate.
  3602 | D:5      | Found a runed translucent gate.
  3602 | D:5      | Found a runed translucent gate.
  3833 | D:5      | Reached * piety under Dithmenos
  3839 | D:5      | Reached XP level 8. HP: 45/45 MP: 12/12
  4364 | D:5      | Learned a level 3 spell: Tukima's Dance
  4367 | D:5      | Learned a level 2 spell: Passwall
  4371 | D:5      | Learned a level 3 spell: Swiftness
  4697 | D:6      | Reached skill level 1 in Transmutations
  4767 | D:6      | Reached skill level 1 in Earth Magic
  5359 | D:7      | Reached skill level 7 in Stealth
  5359 | D:7      | Reached skill level 1 in Air Magic
  5583 | D:7      | Found a radiant altar of Vehumet.
  6149 | D:8      | Found a staircase to the Lair.
  6163 | D:8      | Reached XP level 9. HP: 52/52 MP: 14/14
  6418 | D:8      | Reached ** piety under Dithmenos
  6581 | D:8      | Found a basalt altar of Yredelemnul.
  6581 | D:8      | Found a broken altar of Ashenzari.
  7021 | D:8      | Learned a level 3 spell: Dazzling Flash
  7095 | D:9      | Noticed a two-headed ogre
  7100 | D:9      | Killed a two-headed ogre
  7101 | D:9      | Reached skill level 5 in Dodging
  7101 | D:9      | Reached skill level 8 in Stealth
  7258 | D:9      | Reached skill level 5 in Spellcasting
  7462 | D:9      | Noticed a two-headed ogre
  7483 | D:9      | Killed a two-headed ogre
  7484 | D:9      | Reached skill level 5 in Fighting
  7484 | D:9      | Reached skill level 1 in Conjurations
  7484 | D:9      | Reached skill level 5 in Invocations
  7484 | D:9      | Reached XP level 10. HP: 41/59 MP: 16/17
  8408 | D:10     | Entered Level 10 of the Dungeon
  8635 | D:10     | Reached *** piety under Dithmenos
  8782 | D:10     | Noticed Nergalle
  8800 | D:10     | HP: 3/60 [spectral orc warrior/+1 scimitar of
                  | electrocution[Nergalle] (3)]
  8800 | D:10     | Slain by Nergalle

Illustrated notes

Levels and vault maps discovered:
D:1:      saegor_arrival_miasma, layout_basic, minmay_split_cup_small
D:2:      layout_basic
D:3:      layout_basic, lemuel_round_altar, uniq_sigmund, uniq_terence
D:4:      layout_basic, lemuel_tele_altar, minmay_temple_entry_glass,
          uniq_grinder, uniq_eustachio
D:5:      layout_basic, gammafunk_ghost_icy
D:6:      layout_basic, kb_lookout_dungeons_type, st_stairs_1,
          chequers_serial_rivers_small_3
D:7:      layout_loops_ring, lemuel_coloured_pillars_altar,
          hangedman_decor_push, hellmonk_bongcloud_opening
D:8:      layout_gridville, jmf_multi_god_temple, lair_entry_dummy
D:9:      layout_basic, kennysheep_little_box, solitary_fountain,
          kennysheep_dice
D:10:     layout_basic, uniq_nergalle, uniq_erolcha, uniq_psyche
Temple:   minmay_temple_bridge_d

Skill      XL: |  1  2  3  4  5  6  7  8  9 10 |
---------------+-------------------------------+-----
Fighting       | 1 2 3 5 |  5.6
Stealth        | 5 6 7 8 |  8.8
Dodging        | 3 4 5 |  5.7
Short Blades   | 2 3 4 |  4.2
Hexes          | 5 6 |  6.0
Ice Magic      | 1 2 3 |  3.0
Armour         | 1 2 3 4 |  4.0
Invocations    | 1 2 3 5 |  5.5
Spellcasting   | 3 5 |  5.6
Transmutations | 2 3 |  3.0
Earth Magic    | 2 3 |  3.0
Air Magic      | 1 2 3 |  3.0
Conjurations   | 1 |  1.7

Action                     |  1- 3 |  4- 6 |  7- 9 | 10-12 || total
---------------------------+-------+-------+-------+-------++-------
  Melee: Dagger            |   113 |    28 |   192 |    74 ||   407
         Bite              |     8 |     2 |    20 |    11 ||    41
         Punch             |     5 |       |     1 |     1 ||     7
   Cast: Ensorcelled Hiber |     7 |    10 |    90 |    30 ||   137
         Confusing Touch   |       |     1 |    11 |     7 ||    19
         Tukima's Dance    |       |       |     1 |       ||     1
         Dazzling Flash    |       |       |       |     2 ||     2
Ability: Exsanguinate      |     1 |       |       |       ||     1
    Use: Scroll            |       |       |     9 |       ||     9
         Potion            |       |       |     1 |       ||     1
   Stab: Sleeping          |    18 |    13 |    72 |    15 ||   118
         Confused          |       |       |    10 |     6 ||    16
         Distracted        |       |       |     1 |       ||     1
         Invisible         |       |       |       |     2 ||     2
 Armour: Robe              |    21 |       |       |       ||    21
         Leather armour    |       |     1 |    12 |     5 ||    18
  Dodge: Dodged            |    62 |    11 |   146 |    85 ||   304
  Block: Other             |    14 |     2 |    34 |    30 ||    80
         Reflection        |       |       |     2 |       ||     2
